Cogmind - Beta 12 @@@ ROGUE MODE // 2023.12.20 @ 06:47:18 Player: MJWkr Result: Destroyed by B-75 Beast with Heavy Plasma Cannon Performance ------------- Evolutions (1) 500 Regions Visited (5) 1000 Robots Destroyed (28) 140 Value Destroyed (573) 573 Prototype IDs (3) 60 Alien Tech Used (0) 0 Bonus (871) 871 TOTAL SCORE: 3144 Bonus ------- High Alert Combat Kills 46 Follower Combat Kills 225 Met Imprinter 300 Was Imprinted 300 Cogmind --------- Core Integrity 0/400 Matter 271/300 Energy 100/100 System Corruption 0% Temperature Cool (15) Movement Treading (163) Location -6/Proximity Caves Parts ------- > --- POWER (1) -------- (None) > --- PROPULSION (3) --- Light Treads Armored Treads Spiked Medium Treads > --- UTILITY (2) ------ Large Storage Unit > --- WEAPON (3) ------- Autogun Battle Cannon CR-A16's Pointy Stick > --- INVENTORY (15) --- Light Treads Light Treads Wheel Wheel Heat Sink High-capacity Battery (250) High-powered Tractor Beam High-powered Tractor Beam Hacking Drone Bay (1/1) Light Assault Rifle Autogun Makeshift Spear Peak State ------------ > --- POWER ------------ Fission Core > --- PROPULSION ------- Light Treads Spiked Medium Treads Spiked Medium Treads > --- UTILITY ---------- Large Storage Unit Shield Generator > --- WEAPON ----------- Assault Cannon Mini Grenade Launcher CR-A16's Pointy Stick > --- INVENTORY -------- Light Treads Light Treads Light Treads Wheel Wheel Heat Sink High-capacity Battery High-powered Tractor Beam High-powered Tractor Beam Hacking Drone Bay Light Assault Rifle Autogun Autogun Battle Cannon Makeshift Spear [Rating: 31] Favorites ----------- Power Light Ion Engine Engine Light Ion Engine Power Core Fission Core Propulsion Light Treads Treads Light Treads Utility Large Storage Unit Device Shield Generator Storage Large Storage Unit Weapon Light Assault Rifle Ballistic Gun Light Assault Rifle Ballistic Cannon Assault Cannon Launcher Mini Grenade Launcher Piercing Weapon CR-A16's Pointy Stick Build | -11 -10 -9 -9 -7 -6 ------- Run | Jun Mat Mat Min Zio Pro Slots Evolved 2 | . . 2 . . . Power . | . . . . . . Propulsion 1 | . . 1 . . . Utility . | . . . . . . Weapon 1 | . . 1 . . . Parts Attached 32 | 7 2 11 . 6 6 Power 3 | 1 . 1 . 1 . Engine 2 | 1 . 1 . . . Core 1 | . . . . 1 . Reactor . | . . . . . . Propulsion 13 | 2 . 6 . 3 2 Treads 13 | 2 . 6 . 3 2 Leg . | . . . . . . Wheel . | . . . . . . Hover . | . . . . . . Flight . | . . . . . . Utility 5 | 1 2 1 . . 1 Device 2 | . . 1 . . 1 Storage 3 | 1 2 . . . . Processor . | . . . . . . Hackware . | . . . . . . Protection . | . . . . . . Artifact . | . . . . . . Weapon 11 | 3 . 3 . 2 3 Energy Gun . | . . . . . . Energy Cannon . | . . . . . . Ballistic Gun 6 | 3 . 2 . . 1 Ballistic Cannon 2 | . . . . 1 1 Launcher 2 | . . 1 . . 1 Special Weapon . | . . . . . . Impact Weapon . | . . . . . . Slashing Weapon . | . . . . . . Piercing Weapon 1 | . . . . 1 . Special Melee Weapon . | . . . . . . Unidentified Prototypes 1 | . . . . . 1 Parts Lost 10 | . . 4 . . 6 Power 3 | . . 2 . . 1 Propulsion 3 | . . 1 . . 2 Utility 1 | . . . . . 1 Weapon 3 | . . 1 . . 2 Highest Loss Streak 5 | . . 2 . . 5 To Critical Strikes . | . . . . . . Average Slot Usage (%) 91 | . 99 96 88 88 86 Engine 3 | . 14 10 . . . Core 1 | . . . . . 7 Treads 31 | . 28 29 33 33 31 Device 7 | . . 5 11 11 4 Storage 13 | . 27 16 11 11 11 Ballistic Gun 19 | . 28 30 33 17 6 Ballistic Cannon 6 | . . . . 9 10 Launcher 1 | . . 2 . . 4 Piercing Weapon 4 | . . . . 6 11 Naked Turns . | . . . . . . Heaviest Build 41 | 12 32 35 28 41 41 Greatest Support 76 | 40 40 60 60 76 76 Greatest Overweight (x) . | . . . . . . Average Overweight (x) . | . . . . . . Largest Inventory Capacity 15 | 8 15 15 15 15 15 Average Capacity 14 | 6 14 15 15 15 15 Most Carried 15 | 3 5 15 15 15 15 Average Carried 12 | 2 4 9 15 14 14 Final Capacity 15 | 8 15 15 15 15 15 Final Carried 15 | 3 5 15 15 15 12 Class Distribution -------------------- 47% | Mutant 24% | Tank 12% | Scavenger-Mutant 8% | Scavenger-Tank 6% | Gunner Dominant Class ---------------- Mutant | -10/Materials Scavenger-Tank | -9/Materials Scavenger-Tank | -9/Mines Mutant | -7/Zion Scavenger-Mutant | -6/Proximity Caves Resources | -11 -10 -9 -9 -7 -6 ----------- Run | Jun Mat Mat Min Zio Pro Matter Collected 1106 | 244 100 602 . 66 94 Remotely . | . . . . . . Salvage Created 751 | . 32 678 . . 41 Parts 54 | . 3 49 . . 2 Haulers Intercepted . | . . . . . . Recyclers Shooed . | . . . . . . Parts Field Recycled . | . . . . . . Retrieved Matter . | . . . . . . Parts Self-Destructed 5 | . . . . . 5 Prevented 3 | . . . . . 3 Kills | -11 -10 -9 -9 -7 -6 ------- Run | Jun Mat Mat Min Zio Pro Combat Hostiles Destroyed 22 | . 2 19 . . 1 Guns 18 | . 2 16 . . . AOE 4 | . . 3 . . 1 Classes Destroyed 8 | . 1 7 . . . Worker 2 | . . 2 . . . Builder 1 | . . 1 . . . Recycler 1 | . . 1 . . . Watcher 2 | . . 2 . . . Swarmer 13 | . 2 11 . . . Grunt 5 | . . 4 . . 1 Duelist 1 | . . 1 . . . Sentry 3 | . . 3 . . . Best Kill Streak 6 | . 2 6 . . 1 Combat Bots Only 6 | . 2 6 . . 1 Max Kills in Single Turn 2 | . 1 2 . . 1 Gunslinging 1 | . . 1 . . . Exploded 1 | . . 1 . . 1 Melee . | . . . . . . Uniques/NPCs Destroyed . | . . . . . . Combat | -11 -10 -9 -9 -7 -6 -------- Run | Jun Mat Mat Min Zio Pro Damage Taken 2487 | . 173 913 . . 1401 Core 416 | . 6 98 . . 312 Absorbed by Shields 179 | . . 115 . . 64 Core Remaining (%) 98 | 100 97 . . . . Volleys Fired 91 | . 10 68 . 1 12 Largest 3 | . 2 3 . 2 2 Hottest 74 | . 40 70 . 64 74 Shots Fired 219 | . 20 179 . 2 18 Gun 202 | . 20 177 . 1 4 Cannon 13 | . . . . 1 12 Launcher 4 | . . 2 . . 2 Special . | . . . . . . Kinetic 215 | . 20 177 . 2 16 Thermal . | . . . . . . Explosive 4 | . . 2 . . 2 Electromagnetic . | . . . . . . Robot Hit Streak 13 | . 2 13 . . 7 Robot Miss Streak 6 | . 4 6 . . 2 Penetration Max . | . . . . . . Secondary Targets 3 | . 1 2 . . . Max Gunslinging Chain 1 | . 1 1 . . . Shots Hit Robots 110 | . 9 85 . . 16 Core Hits 45 | . 2 33 . . 10 Critical Kills . | . . . . . . Critical Parts Destroyed 1 | . . 1 . . . Critical Strikes 1 | . . 1 . . . Destroy 1 | . . 1 . . . Melee Attacks 7 | . . . . . 7 Impact . | . . . . . . Slashing . | . . . . . . Piercing 7 | . . . . . 7 Sneak Attacks . | . . . . . . Combat Hostiles . | . . . . . . Follow-up Attacks . | . . . . . . Damage Inflicted 1962 | . 119 1283 . . 560 Guns 1271 | . 119 1117 . . 35 Cannons 119 | . . . . . 119 Explosions 407 | . . 166 . . 241 Melee 165 | . . . . . 165 Ramming . | . . . . . . Kinetic 1390 | . 119 1117 . . 154 Thermal . | . . . . . . Explosive 372 | . . 131 . . 241 Electromagnetic 35 | . . 35 . . . Impact . | . . . . . . Slashing . | . . . . . . Piercing 165 | . . . . . 165 Highest Corruption . | . . . . . . Average Corruption . | . . . . . . Corruption Purged . | . . . . . . Corruption Blocked . | . . . . . . Overload Shots . | . . . . . . Overflow Damage 17 | . . 16 . . 1 Projectiles 1 | . . . . . 1 Explosions 16 | . . 16 . . . Melee . | . . . . . . Knockbacks 3 | . . . . . 3 Impact . | . . . . . . Kinetic 3 | . . . . . 3 Secondary . | . . . . . . Self-Inflicted Damage 40 | . . 40 . . . Shots 2 | . . 2 . . . Rammed . | . . . . . . Targets Rammed . | . . . . . . Kicked . | . . . . . . Crushed . | . . . . . . Highest Temperature 50 | . . 50 . 8 42 Average Temperature 16 | . . 15 . 6 18 Received Heat Transfer 347 | . . 148 . . 199 Siege Activations . | . . . . . . Robots Corrupted . | . . . . . . Combat Hostiles . | . . . . . . Parts Fried . | . . . . . . Impact Corruptions . | . . . . . . Robots Melted . | . . . . . . Combat Hostiles . | . . . . . . Parts Melted . | . . . . . . Heat Transferred . | . . . . . . Parts Sabotaged . | . . . . . . Parts Stolen . | . . . . . . Parts Stripped . | . . . . . . Power Chain Reactions . | . . . . . . Missiles Intercepted . | . . . . . . Alert | -11 -10 -9 -9 -7 -6 ------- Run | Jun Mat Mat Min Zio Pro Peak Influence 505 | . 112 505 192 . . Initial 192 | . . 46 192 . . Average 193 | . 56 286 192 . . Maximum Alert Level 2 | . . 2 . . . Low Security (%) 52 | 100 100 22 100 . . Level 1 33 | . . 54 . . . Level 2 13 | . . 22 . . . Level 3 . | . . . . . . Level 4 . | . . . . . . Level 5 . | . . . . . . High Security . | . . . . . . Max Security . | . . . . . . Squads Dispatched 1 | . . 1 . . . Investigation . | . . . . . . Extermination . | . . . . . . Reinforcement 1 | . . 1 . . . Assault . | . . . . . . Garrison . | . . . . . . Intercept . | . . . . . . Searches Triggered . | . . . . . . Construction Impeded . | . . . . . . Haulers Reinforced . | . . . . . . Active Scanning Responses . | . . . . . . Cargo Convoy Interrupts . | . . . . . . Stealth | -11 -10 -9 -9 -7 -6 --------- Run | Jun Mat Mat Min Zio Pro Distress Signals 3 | . . 2 . . 1 Communications Jammed . | . . . . . . Distress Signals . | . . . . . . Times Spotted 40 | . 6 26 . . 8 Peak Tracking Total 6 | . 4 6 . . 4 Tactical Retreats 3 | . . 3 . . . Traps | -11 -10 -9 -9 -7 -6 ------- Run | Jun Mat Mat Min Zio Pro Traps Triggered . | . . . . . . Indirectly . | . . . . . . Trap Hack Attempts . | . . . . . . Triggered . | . . . . . . Disarmed . | . . . . . . Reprogrammed . | . . . . . . Reused . | . . . . . . Traps Extracted . | . . . . . . Installed . | . . . . . . Triggered . | . . . . . . Machines | -11 -10 -9 -9 -7 -6 ---------- Run | Jun Mat Mat Min Zio Pro Machines Disabled 3 | . . 3 . . . Max in Single Turn 2 | . . 2 . . . Machines Repaired . | . . . . . . Machines Sabotaged . | . . . . . . Overloaded Fab Kills . | . . . . . . Hacking | -11 -10 -9 -9 -7 -6 --------- Run | Jun Mat Mat Min Zio Pro Machines Accessed 4 | . 2 2 . . . Terminals 3 | . 2 1 . . . Fabricators . | . . . . . . Repair Stations . | . . . . . . Recycling Units . | . . . . . . Scanalyzers 1 | . . 1 . . . Garrison Access . | . . . . . . Total Hacks 16 | . 7 9 . . . Successful 11 | . 6 5 . . . Failed 5 | . 1 4 . . . Catastrophic 1 | . 1 . . . . Database Lockouts . | . . . . . . Manual 3 | . 1 . . 2 . Terminals 13 | . 7 6 . . . Fabricators . | . . . . . . Repair Stations . | . . . . . . Recycling Units . | . . . . . . Scanalyzers 3 | . . 3 . . . Garrison Access . | . . . . . . Terminal Hacks 9 | . 6 3 . . . Record 4 | . 3 1 . . . Prototype ID Bank 1 | . . 1 . . . Emergency Access Points 1 | . 1 . . . . Locate Traps 1 | . 1 . . . . Dispatch Records 2 | . 1 1 . . . Fabricator Hacks . | . . . . . . Repair Station Hacks . | . . . . . . Recycling Unit Hacks . | . . . . . . Scanalyzer 2 | . . 2 . . . Insert Component 1 | . . 1 . . . Analyze 1 | . . 1 . . . Garrison Access Hacks . | . . . . . . Unauthorized Hacks . | . . . . . . Terminals . | . . . . . . Fabricators . | . . . . . . Repair Stations . | . . . . . . Recycling Units . | . . . . . . Scanalyzers . | . . . . . . Garrison Access . | . . . . . . Data Cores Recovered . | . . . . . . Used . | . . . . . . Hacking Detections 4 | . 2 2 . . . Full Trace Events . | . . . . . . Feedback Events . | . . . . . . Feedback Blocked . | . . . . . . Robot Schematics Acquired 4 | . . . . 4 . Robots Built . | . . . . . . Authchips . | . . . . . . Time . | . . . . . . Total Robot Build Rating . | . . . . . . Part Schematics Acquired 16 | . . 1 . 15 . Parts Built . | . . . . . . Authchips . | . . . . . . Time . | . . . . . . Total Part Build Rating . | . . . . . . Parts Repaired . | . . . . . . Time . | . . . . . . Parts Recycled . | . . . . . . Recycled Matter . | . . . . . . Retrieved Matter . | . . . . . . Retrieved Components . | . . . . . . Parts Scanalyzed 1 | . . 1 . . . Part Schematics Acquired 1 | . . 1 . . . Parts Damaged . | . . . . . . Bothacking | -11 -10 -9 -9 -7 -6 ------------ Run | Jun Mat Mat Min Zio Pro Used RIF Installer . | . . . . . . Robots Hacked . | . . . . . . Non-combat . | . . . . . . Combat . | . . . . . . Robot Hacks Applied . | . . . . . . Relay Couplers Released . | . . . . . . Fabnet Peak Effective % . | . . . . . . Robots Rewired . | . . . . . . Allies Hacked . | . . . . . . Hacks Repelled . | . . . . . . Allies | -11 -10 -9 -9 -7 -6 -------- Run | Jun Mat Mat Min Zio Pro Total Allies 4 | . . . . 4 . Largest Group 4 | . . . . 4 4 Highest-Rated Group 150 | . . . . 150 150 Highest-Rated Ally 39 | . . . . 39 39 Total Orders . | . . . . . . Ally Attacks 46 | . . . . . 46 Total Damage 1275 | . . . . . 1275 Kills 6 | . . . . . 6 Allies Corrupted . | . . . . . . Allies Melted . | . . . . . . Intel | -11 -10 -9 -9 -7 -6 ------- Run | Jun Mat Mat Min Zio Pro Robot Analysis Total . | . . . . . . Derelict Logs Recovered 1 | . . . . 1 . Drone Launches . | . . . . . . Drone Recoveries . | . . . . . . Exploration | -11 -10 -9 -9 -7 -6 ------------- Run | Jun Mat Mat Min Zio Pro Turns Passed 3297 | 84 343 679 9 1748 434 Spaces Moved 1805 | 49 191 284 6 1056 219 Core 5 | 5 . . . . . Treads 1800 | 44 191 284 6 1056 219 Legs . | . . . . . . Wheels . | . . . . . . Hover . | . . . . . . Flight . | . . . . . . Fastest Speed 50 | 50 160 160 160 160 160 Average Speed 159 | 148 160 160 160 160 160 Slowest Speed 165 | 160 160 160 160 160 165 Overloaded Moves . | . . . . . . Propulsion Burnouts . | . . . . . . Robots Hopped . | . . . . . . Cave-ins Triggered . | . . . . . . Exploration Rate (%) 33 | 4 30 29 6 85 45 Regions Visited 5 Branch Regions 3 Pre-discovered Areas 3 | . . . . 3 . Known Exits Taken . | . . . . . . Unknown Exits Taken 5 | 1 1 1 1 1 . Scrap Searched 3 | . . . . 2 1 Spaces Dug . | . . . . . . Terrain Destroyed 22 | . . 10 . . 12 Melee . | . . . . . . Projectile . | . . . . . . AOE 22 | . . 10 . . 12 Terrain Rammed . | . . . . . . Walls Destroyed . | . . . . . . Machines Disabled . | . . . . . . Actions | -11 -10 -9 -9 -7 -6 --------- Run | Jun Mat Mat Min Zio Pro Total 2030 | 57 209 373 6 1114 271 Wait 72 | . 4 2 1 41 24 Move 1800 | 48 190 283 5 1055 219 Hop . | . . . . . . Pick Up 17 | 2 2 8 . 4 1 Fast Attach 13 | 6 1 3 . 2 1 Attach 8 | . 1 3 . . 4 Detach 3 | . 1 1 . . 1 Swap 11 | 1 . 5 . 4 1 Drop 8 | . . . . 7 1 Fire 91 | . 10 68 . 1 12 Melee 7 | . . . . . 7 Ram . | . . . . . . Kick . | . . . . . . Crush . | . . . . . . Escape Stasis . | . . . . . . Rewire . | . . . . . . Trap . | . . . . . . Miscellaneous . | . . . . . . Route ------- -11/Junkyard -10/Materials -9/Materials (discovered 2 exits: [*Mat] / [*Min]) -9/Mines -7/Zion -6/Proximity Caves History --------- Turn | Location | Event 36 | -11/Junkyard | Discovered new exit (range 16) 85 | -11/Junkyard | Entered Materials 311 | -10/Materials | Build established: Mutant 375 | -10/Materials | Discovered new exit (range 5) 428 | -10/Materials | Entered another Materials area 428 | -9/Materials | Evolved 2 slots: Propulsion x1, Weapon x1 1061 | -9/Materials | Discovered new exit (range 16) 1104 | -9/Materials | Discovered new exit (range 9) 1107 | -9/Materials | Entered Mines 1108 | -9/Mines | A Derelict revealed a hidden shortcut to a safe place 1116 | -9/Mines | Entered Zion 1152 | -7/Zion | Given A8's code to call for help 1215 | -7/Zion | Learned Factory stockpile data 1275 | -7/Zion | Given the Hacking Drone Bay 1279 | -7/Zion | Found Prototype Device 1396 | -7/Zion | Build established: Tank 1576 | -7/Zion | Learned location of Warlord (-5) 1854 | -7/Zion | Found CR-A16's Pointy Stick 1865 | -7/Zion | Learned location of Data Miner (-6) 2032 | -7/Zion | Imprinted 2034 | -7/Zion | Declared Zion's savior 2190 | -7/Zion | Build established: Mutant 2806 | -7/Zion | Received a hallucinogenic algorithm 2843 | -7/Zion | Discovered new exit (range 11) 2864 | -7/Zion | Entered Proximity Caves 2864 | -6/Proximity Caves | Accompanied by 4 allies 2866 | -6/Proximity Caves | Spotter reported a threat 2867 | -6/Proximity Caves | Spotter reported a threat 2968 | -6/Proximity Caves | Attracted the attention of an 0b10 checkpoint 3039 | -6/Proximity Caves | Build established: Scavenger-Mutant 3046 | -6/Proximity Caves | Spotter reported a threat 3107 | -6/Proximity Caves | Spotter reported a threat 3146 | -6/Proximity Caves | Core integrity fell below 50% 3189 | -6/Proximity Caves | Identified Hacking Drone Bay 3204 | -6/Proximity Caves | Lost 5 parts (1p2n2w) 3279 | -6/Proximity Caves | Spotted B-75 Beast 3280 | -6/Proximity Caves | Core integrity fell below 20% 3298 | -6/Proximity Caves | Destroyed by B-75 Beast with Heavy Plasma Cannon Last Messages --------------- 03160_ Penetrated by Slug. 03160_ Spk. Medium Treads destroyed. 03161_ H-66 Slayer knocked back. 03162_ H-66 Slayer critical meltdown. 03162_ Penetrated by Slug. 03162_ Lgt. Treads destroyed. 03162_ Assault Cannon destroyed. 03165_ Penetrated by Slug. 03167_ Critical hit (Burn: +80). 03169_ Acquired 3 matter. 03173_ Mni. Grenade Launcher destroyed. 03175_ H-66 Slayer heat short circuits Phase Shifter. 03175_ H-66 Slayer critical meltdown. 03177_ Gauss Rifle fries itself beyond repair. 03183_ Acquired Arm. Treads. 03189_ Identified Hacking Drone Bay. 03216_ Acquired 18 matter. 03219_ Acquired 16 matter. 03221_ Acquired 5 matter. 03286_ Destroyed Dynamic Insulation System. Map ----- +----------------------------------------------------+ | ????# ###" % #######????####?#### ##?????? | | ????# #??????????##### ##????? | | ????# " #??????????# ####?? | | ????# """####???????# ##? | | ????# ######??????????## ## #? | | ????# #????????????????# # ### ## ## | | ????# ##??###??????????# ## #?# ## | | ????## ### ##????????? ###?# #?#### | | ??##### ##???????? ?????# #????## | | ?## ### ##???????? ??????# #?????## ! | | ?# #???????????????# #??????##% | | ## #??????????????# ##??????#! | | ## #?????????????## ######## | | ### ##????????????## | | ##???###?????????????# | | # ## #????????????????????# ## | | # ### #???????????????###?# ####### | | # #?## #??????#?????#### ### #?????### | | # ??## ###??????# ?#### ## #?????### | | # ???## #????????# ##;# #???### | | ???# ###????????#;# #####???# | | #??# #??????????#; %M ######???????# | | #???# #?########## M##????????????# | | ##???? #?# ;###??????????###### # | | ###????? ## #???????????????#### | | ???????? ### @ ##??????????????????? | | ???????? ???#;M ##???????????????????? | | #???????? ????#; ###????????????????????? | | #???????? ###?????# #??????????????????????? | | #?????? ???????? ??????????????????????? | | ??????????????? ?????????????????????? | | ?????????????#% BB ?????????????????????? | | #####?????????????# BB ????????????????????? | | ??????????????????# ????????????????????? | | ?????????????????? ???????????????????? | | ????????????????? ##### ???????????????????? | | ????????????????# #?????##???????????????????? | | ????????????????# ???????????????????????????? | | ?????????????????? ???????????????????????????? | | ?????????????????????????????????????????????????? | | ?????????????????????????????????????????????????? | | ?????????????????????????????????????????????????? | | ?????????????????????????????????????????????????? | | ?????????????????????????????????????????????????? | | ?????????????????????????????????????????????????? | | ?????????????????????????????????????????????????? | | ?????????????????????????????????????????????????? | | ?????????????????????????????????????????????????? | | ?????????????????????????????????????????????????? | | ?????????????????????????????????????????????????? | +----------------------------------------------------+ Best States ------------- Heat Dissipation 28 Energy Generation 18 Energy Capacity 310 Matter Stores 300 Matter Capacity 300 Sight Range 16 Terrain Scan Density 10 Evasion (%) 40 Recoil Reduction 3 Item Schematics ----------------- Lgt. Treads | -9/Materials | Scanalyzed Greatsword | -7/Zion | Archive Thermal Shield | -7/Zion | Archive Imp. Trap Scanner | -7/Zion | Archive Mak. Armor Plating | -7/Zion | Archive Hvy. Machine Gun | -7/Zion | Archive Imp. Medium Armor Plating | -7/Zion | Archive Antigrav System | -7/Zion | Archive Imp. Reaction Control System | -7/Zion | Archive Hvy. Ion Cannon | -7/Zion | Archive Gatling Laser | -7/Zion | Archive EM Disruption Field | -7/Zion | Archive Force Booster | -7/Zion | Archive Lrn. Missile Launcher | -7/Zion | Archive Component Analysis Suite | -7/Zion | Archive Imp. Launcher Guidance Computer | -7/Zion | Archive Robot Schematics ------------------ B-48 Gladiator | -7/Zion | Archive B-36 Bruiser | -7/Zion | Archive G-47 Trooper | -7/Zion | Archive D-83 Annihilator | -7/Zion | Archive Fabricated ------------ Nothing Alien Tech Used ----------------- None Achievements -------------- Robot Respite The One Challenges ------------ None Game ------ Seed LauncherNavigationArray Manual? 0 Play Time 00:44:39 Cumulative 27.1 hours Start 2023.12.19 @ 07:07:48 End 2023.12.20 @ 06:47:18 Sessions 3 Manual Loads 0 Difficulty Rogue Special Mode None Game No. 51 Rogue 51 Adventurer 0 Explorer 0 Win Type - Total 0 Types 0/0/0/0/0/0/0/0/0 Lore% 23 Gallery% 36 Achievement% 28 Wizard Run 0 Options --------- ASCII 0 Keyboard 1 Movement Numpad Keybinds 0 Fullscreen 1 Font 18/SmallcapsGlow Map View 76x50 Tactical HUD 1 Map Filters NONE Filters NONE Steam 1 RUN: ce4afdb5-3a3b-4d61-a52f-caf56498b3c4